 Dungeon Crawl Stone Soup version 0.29-a0-565-g7a16c6de65 (webtiles) character file.

Game seed: 10674170451066883194

262 KristoblXynda the Slasher (level 5, 0/38 HPs)
             Began as a Demonspawn Gladiator on June 12, 2022.
             Slain by a goblin
             ... wielding a +4 dagger
             ... led by Robin
              (4 damage)
             ... on level 4 of the Dungeon.
             The game lasted 00:02:44 (4436 turns).

KristoblXynda the Slasher (Demonspawn Gladiator)    Turns: 4436, Time: 00:02:44

Health: 0/38       AC:  4    Str: 16    XL:     5   Next: 97%
Magic:  5/5        EV: 13    Int: 10    God:
Gold:   127        SH:  0    Dex: 14    Spells: 4/4 levels left

rFire   . . .      SeeInvis .   a - +0 long sword
rCold   . . .      Faith    .   (no shield)
rNeg    . . .      Spirit   .   b - +0 leather armour
rPois   .          Reflect  .   c - +0 helmet
rElec   .          Harm     .   (no cloak)
rCorr   .          Rampage  .   (no gloves)
Will    .....                   (no boots)
Stlth   +.........              (no amulet)
HPRegen 0.12/turn               (no ring)
MPRegen 0.09/turn               (no ring)

@: no status effects
A: claws 1, ignite blood 1, weakness stinger 1
a: no special abilities


You were on level 4 of the Dungeon.
You visited 1 branch of the dungeon, and saw 4 of its levels.

You collected 127 gold pieces.

Inventory:

Hand Weapons
 a - a +0 long sword (weapon)
Missiles
 d - 3 throwing nets (quivered)
 e - a javelin
Armour
 b - a +0 leather armour (worn)
 c - a +0 helmet (worn)
Scrolls
 m - a scroll of teleportation {unknown}
 n - a scroll of blinking {unknown}
Potions
 f - 2 potions of ambrosia
 g - a potion of magic {unknown}
 h - a potion of might {unknown}
 i - a potion of flight {unknown}
 j - 2 potions of brilliance
 k - a potion of lignification
 l - a potion of curing


   Skills:
 - Level 2.2 Fighting
 * Level 4.6 Long Blades
 - Level 2.0 Throwing
 + Level 2.2 Armour
 + Level 3.7 Dodging


You had 4 spell levels left.
You didn't know any spells.
Your spell library contained the following spells:

 Spells                   Type           Power      Damage    Failure   Level
 Sandblast                Erth           0%         2d4       43%         1
 Passwall                 Tmut/Erth      0%         N/A       56%         2
 Dazzling Flash           Conj/Hex       0%         N/A       80%         3
 Stone Arrow              Conj/Erth      0%         3d7       80%         3
 Iskenderun's Mystic Bla  Conj/Tloc      0%         2d3       99%         4
 Starburst                Conj/Fire      0%         6d3       100%        6


Dungeon Overview and Level Annotations

Branches:
Dungeon (4/15)
 Temple: D:4-7

Altars:
Yredelemnul

Annotations:
D:4 Robin


Innate Abilities, Weirdness & Mutations

You have sharp fingernails.
Your demonic aura sometimes causes spilled blood to erupt in flames.
You have a small tail.


Message History

You kill the goblin!
The hobgoblin barely misses you. The goblin misses you.
The goblin closely misses you. The hobgoblin misses you.
You slash the jelly!
Your claws burn!
The jelly is severely wounded.
The jelly is engulfed in blazing flames.
You kill the jelly!
The hobgoblin misses you. The goblin hits you but does no damage.
You are too injured to fight recklessly!
You are too injured to fight recklessly!
You are too injured to fight recklessly!
You are too injured to fight recklessly!
You barely miss the goblin. The hobgoblin closely misses you.
The goblin hits you with a +0 club.
You hit the hobgoblin. You tail-slap the hobgoblin.
The hobgoblin is almost dead.
The hobgoblin barely misses you. The goblin hits you but does no damage.
You closely miss the goblin. The hobgoblin closely misses you.
You slash the hobgoblin!
You kill the hobgoblin!
The goblin closely misses you.
An iguana comes into view.
The goblin hits you with a +4 dagger.
You barely miss the goblin.
The iguana hisses angrily.
The goblin barely misses you. The goblin hits you with a +4 dagger.
The goblin closely misses you.
You miss the goblin. The goblin hits you with a +0 club.
* * * LOW HITPOINT WARNING * * *
The goblin hits you but does no damage. The goblin barely misses you.
The goblin misses you. The goblin hits you but does no damage.
The goblin barely misses you.
You closely miss the goblin. The goblin hits you with a +0 club.
* * * LOW HITPOINT WARNING * * *
The goblin hits you with a +2 dagger of flaming.
* * * LOW HITPOINT WARNING * * *
The goblin burns you.
* * * LOW HITPOINT WARNING * * *
The goblin hits you with a +4 dagger.
You die...

..gog......##.......#
.gg.g..#..###.......#
g.gg.###...##....#....#
.g.. ###.........###..#
.g. #.#l..>..##..# ..#
#+ #.gK##..#...## ..#
... #ggg###.....# ...
.....##gg# #..... .#
......g@## .... ##
......### ###. ....$
.... ... ##


You could see an iguana, a hobgoblin, 6 goblins and a kobold.

Vanquished Creatures
  A scorpion (D:4)
  A jelly (D:4)
  A hound (D:3)
  An iguana (D:3)
  2 adders (D:3)
  2 worms (D:2)
  2 dart slugs
  7 orcs
  7 ball pythons
  3 bats
  8 endoplasms
  2 giant cockroaches (D:1)
  13 goblins
  7 hobgoblins
  4 jackals (D:1)
  7 kobolds
  4 quokkas
  5 frilled lizards
  5 rats
82 creatures vanquished.

Notes
Turn   | Place    | Note
-------+----------+-------------------------------------------
     0 | D:1      | KristoblXynda the Demonspawn Gladiator began the quest for
                  | the Orb.
     0 | D:1      | Reached XP level 1. HP: 16/16 MP: 1/1
    85 | D:1      | Discovered your monstrous ancestry.
    85 | D:1      | Gained mutation: You have sharp fingernails. [demonic
                  | ancestry]
    85 | D:1      | Reached XP level 2. HP: 3/22 MP: 2/2
   565 | D:1      | Reached skill level 3 in Long Blades
   972 | D:1      | Gained mutation: You have a small tail. [demonic ancestry]
   972 | D:1      | Reached XP level 3. HP: 27/27 MP: 3/3
  1012 | D:1      | Found a faded altar of an unknown god.
  1012 | D:1      | Noticed an Executioner
  2165 | D:2      | Reached skill level 1 in Armour
  2774 | D:3      | Found a basalt altar of Yredelemnul.
  2898 | D:3      | Gained mutation: Your demonic aura sometimes causes spilled
                  | blood to erupt in flames. [demonic ancestry]
  2898 | D:3      | Reached XP level 4. HP: 33/33 MP: 4/4
  3227 | D:3      | Reached skill level 4 in Long Blades
  3816 | D:3      | Reached XP level 5. HP: 31/38 MP: 5/5
  4401 | D:4      | Noticed Robin
  4436 | D:4      | Slain by a goblin

Illustrated notes

Levels and vault maps discovered:
D:1:      amcnicky_arrival_abandoned_market, layout_rooms,
          dreamdust_ecumenical_altar_sealed_demon, kennysheep_crisscross
D:2:      layout_basic, serial_park_tiny_1
D:3:      layout_loops_ring, yredelemnul_altar_generic, minmay_misc_feat_five
D:4:      nicolae_cairo_tiling_very_big, layout_cave_pools, uniq_robin

Skill      XL: |  1  2  3  4  5 |
---------------+----------------+-----
Throwing       | 2 |  2.0
Long Blades    | 3 4 |  4.6
Dodging        | 3 |  3.7
Armour         | 1 2 |  2.2
Fighting       | |  2.2

Action                   |  1- 3 |  4- 6 || total
-------------------------+-------+-------++-------
Melee: Long sword        |   161 |    96 ||   257
       Punch             |     2 |       ||     2
       Tailslap          |    12 |     6 ||    18
Throw: Throwing net      |       |     1 ||     1
  Use: Scroll            |       |     4 ||     4
 Stab: Held in net/web   |       |     1 ||     1
Armor: Leather armour    |    49 |    22 ||    71
Dodge: Dodged            |   117 |    87 ||   204

Table legend: (Time is in decaauts)
 A = Elapsed time spent in this place.
 B = Non-inter-level travel time spent in this place.
 C = Inter-level travel time spent in this place.
 D = Time resting spent in this place.
 E = Time spent auto-exploring this place.
 F = Levels seen in this place.
 G = Mean time per level.
                   A        B        C        D        E       F      G
               +--------+--------+--------+--------+--------+-----+--------+
         Total |   4492 |   4405 |     87 |   1202 |   2626 |   4 | 1123.0 |
       Dungeon |   4492 |   4405 |     87 |   1202 |   2626 |   4 | 1123.0 |
               +--------+--------+--------+--------+--------+-----+--------+

Top non-repeatable levels by time:
     D:3: 1617 daAuts
     D:2: 1609 daAuts
     D:1: 1199 daAuts
     D:4: 66 daAuts
